 Dungeon Crawl Stone Soup version 0.23-a0-49-gd9f7a49668 (webtiles) character file.

526 LLavrengius the Ruffian (level 7, 0/49 HPs)
             Began as an Octopode Fighter on Aug 6, 2018.
             Succumbed to an adder's poison
             ... on level 4 of the Dungeon.
             The game lasted 00:13:00 (3884 turns).

LLavrengius the Ruffian (Octopode Fighter)          Turns: 3884, Time: 00:13:01

Health: 0/49       AC:  2    Str: 23    XL:     7   Next: 23%
Magic:  7/7        EV: 12    Int: 16    God:
Gold:   131        SH: 10    Dex: 14    Spells: 6/6 levels left

rFire    . . .     SeeInvis .   w - +2 mace of Forgiveness {crush, +Inv rPois Str+2 Dex+2}
rCold    . . .     Gourm    .   a - +0 shield
rNeg     . . .     Faith    .   o - +1 hat
rPois    +         Spirit   .   (no amulet)
rElec    .         Reflect  .   t - +5 ring of intelligence
rCorr    .         Harm     .   (no ring)
MR       .....                  (no ring)
Stlth    ++........             (no ring)
HPRegen  0.16/turn              (no ring)
MPRegen  0.10/turn              (no ring)
                                (no ring)
                                (no ring)

@: mighty, lethally poisoned (0 -> -4)
A: almost no armour, stealthy swim, amphibious, 8 rings, constrict 8, camouflage
1, gelatinous body 1
a: Evoke Invisibility


You were on level 4 of the Dungeon.
You were not hungry.

You visited 1 branch of the dungeon, and saw 4 of its levels.

You collected 131 gold pieces.

Inventory:

Hand Weapons
 m - a +0 hunting sling
 w - the +2 mace of Forgiveness (weapon) {crush, +Inv rPois Str+2 Dex+2}
   (You found it on level 4 of the Dungeon)

   It inflicts extra damage upon your enemies.
   It affects your strength (+2).
   It affects your dexterity (+2).
   It protects you from poison.
   It lets you turn invisible.
Missiles
 e - 49 arrows
 h - 111 stones (quivered)
Armour
 a - a +0 shield (worn)
 o - a +1 hat (worn)
Jewellery
 t - a +5 ring of intelligence (left tentacle)
Scrolls
 d - a scroll of enchant weapon {unknown}
 g - a scroll of magic mapping {unknown}
 i - 3 scrolls of fog {unknown}
 j - 3 scrolls of teleportation {unknown}
 n - a scroll of enchant armour {unknown}
 q - a scroll of noise {unknown}
 s - a scroll of identify {unknown}
 u - a scroll of blinking {unknown}
Potions
 f - a potion of degeneration {unknown}
 k - a potion of curing {unknown}
 l - a potion of lignification {unknown}
 p - a potion of haste {unknown}
 r - a potion of flight {unknown}
Comestibles
 c - 7 rations


   Skills:
 + Level 4.7 Fighting
 * Level 1.4 Maces & Flails
 - Level 3.0 Dodging
 + Level 4.7 Shields
 - Level 5.3 Unarmed Combat


You had 6 spell levels left.
You didn't know any spells.
Your spell library was empty.

Dungeon Overview and Level Annotations

Branches:
Dungeon (4/15)
 Temple: D:4-7

Altars:
The Shining One


Innate Abilities, Weirdness & Mutations

You cannot wear most types of armour.
You are very stealthy in the water. (Stealth+)
You are amphibious.
You can wear up to eight rings at the same time.
You can use your tentacles to constrict eight enemies at once.
Your skin changes colour to match your surroundings (Stealth+).
Your rubbery body absorbs attacks. (AC +1, EV +1)


Message History

You thump the ogre!
You kill the ogre!
Your Maces & Flails skill increases to level 1!
The adder bites you.
* * * LOW HITPOINT WARNING * * *
You barely miss the adder. Your grab misses the adder.
Your squeeze misses the adder. The adder closely misses you.
The adder bites you.
* * * LOW HITPOINT WARNING * * *
You are lethally poisoned!
The adder poisons you!
You hit the adder. You grab the adder.
The adder is moderately wounded.
You constrict the adder.
* * * LOW HITPOINT WARNING * * *
You feel sick. The adder closely misses you. The adder bites you.
* * * LOW HITPOINT WARNING * * *
You sock the adder!
You kill the adder!
You die...

.. #...#..####..... ...
#.......##..##.. #...
#..........####. #...
##..........###.. #...#####
#............##.. #......#
#................
##......#####................
#..........##...............#
#..........)@...>............
#........#####...............
..........# #...............
..#........# #...............
###.......## #..........#...
#.......# #............(.
#......## #....>.........
..... #..............
####..##..........


There were no monsters in sight!

Vanquished Creatures
  2 ogres (D:4)
  A scorpion (D:4)
  2 orc priests
  3 orc wizards
  A worker ant (D:4)
  7 adders
  2 oozes
  A worm (D:2)
  A dart slug (D:1)
  A leopard gecko (D:3)
  9 orcs
  A ball python (D:2)
  3 giant cockroaches
  5 hobgoblins
  5 jackals
  2 quokkas
  6 bats
  4 frilled lizards
  5 goblins
  4 kobolds
  7 rats
72 creatures vanquished.

Notes
Turn   | Place    | Note
-------+----------+-------------------------------------------
     0 | D:1      | LLavrengius the Octopode Fighter began the quest for the Orb.
     0 | D:1      | Reached XP level 1. HP: 16/16 MP: 1/1
   284 | D:1      | Reached XP level 2. HP: 21/21 MP: 2/2
   803 | D:1      | HP: 1/21 [adder (5)]
   804 | D:1      | Reached XP level 3. HP: 2/26 MP: 3/3
   958 | D:2      | Reached skill level 3 in Unarmed Combat
  1445 | D:2      | Reached XP level 4. HP: 11/31 MP: 4/4
  2805 | D:3      | Reached skill level 4 in Unarmed Combat
  2805 | D:3      | Reached XP level 5. HP: 18/37 MP: 5/5
  3025 | D:3      | Found a faded altar of an unknown god.
  3348 | D:3      | Found a glowing golden altar of the Shining One.
  3556 | D:4      | Reached XP level 6. HP: 37/43 MP: 6/6
  3798 | D:4      | Reached skill level 5 in Unarmed Combat
  3802 | D:4      | Reached XP level 7. HP: 49/49 MP: 7/7
  3806 | D:4      | Got a polished mace
  3807 | D:4      | Identified the +2 mace of Forgiveness {crush, +Inv rPois Str+2 Dex+2} (You found it on level 4 of the Dungeon)
  3881 | D:4      | Reached skill level 1 in Maces & Flails
  3883 | D:4      | HP: 1/49 [adder (3)]
  3884 | D:4      | Succumbed to an adder's poison

Vault maps used:
D:1:      nzn_arrival_water_spiral
D:2:      nrook_uturn
D:3:      chequers_ecumenical_altar_simple_redux, nicolae_tso_carved_into_rock
D:4:      first_ration

Skill      XL: |  1  2  3  4  5  6  7 |
---------------+----------------------+-----
Unarmed Combat | 3 4 5 |  5.3
Shields        | 4 |  4.7
Fighting       | 4 |  4.7
Maces & Flails | 1 |  1.4
Dodging        | |  3.0

Action                   |  1- 3 |  4- 6 |  7- 9 || total
-------------------------+-------+-------+-------++-------
Melee: Unarmed           |    71 |   101 |       ||   172
       Constrict         |    22 |    25 |     1 ||    48
       Tentacles         |    16 |    24 |     3 ||    43
       Punch             |     1 |     4 |       ||     5
       Mace              |       |       |     9 ||     9
  Use: Potion            |     2 |       |     1 ||     3
 Stab: Sleeping          |     3 |     6 |       ||     9
  Eat: Chunk             |     2 |     7 |       ||     9
Armor: Skin              |     2 |     6 |       ||     8
Dodge: Dodged            |    31 |    48 |     2 ||    81
Block: Shield            |    24 |    38 |     3 ||    65

Table legend:
 A = Spawn XP
 B = Non-spawn XP
 C = Spawn XP percentage of total XP
 D = Spawn monster count
 E = Non-spawn monster count
 F = Spawn count percentage of total count
 G = Total turns spent on level
                    A         B        C        D         E        F      G
               +---------+---------+-------+---------+---------+-------+---------
         Total |       0 |     752 |   0.0 |       0 |      72 |   0.0 |  3884
               +---------+---------+-------+---------+---------+-------+---------
           D:1 |       0 |      38 |   0.0 |       0 |      17 |   0.0 |   895
           D:2 |       0 |      67 |   0.0 |       0 |      21 |   0.0 |  1220
           D:3 |       0 |     157 |   0.0 |       0 |      21 |   0.0 |  1363
           D:4 |       0 |     490 |   0.0 |       0 |      13 |   0.0 |   406
               +---------+---------+-------+---------+---------+-------+---------
